 Dungeon Crawl Stone Soup version 0.31.0-11-ge490571c62 (webtiles) character file.

Game seed: 12253650118781234326

912 night the Apothecary (level 8, -1/58 HPs)
             Began as a Gnoll Alchemist on Jan 27, 2024.
             Was an Initiate of Nemelex Xobeh.
             Slain by a sleepcap (16 damage)
             ... on level 5 of the Dungeon.
             The game lasted 00:13:29 (5206 turns).

night the Apothecary (Gnoll Alchemist)              Turns: 5206, Time: 00:13:30

Health: -1/58      AC:  2    Str:  7    XL:     8   Next: 9%
Magic:  18/25      EV:  2    Int: 17    God:    Nemelex Xobeh [......]
Gold:   236        SH:  0    Dex: 13    Spells: 1/18 levels left

rFire   . . .        i - +0 dagger
rCold   . . .        (no shield)
rNeg    . . .        a - +0 robe
rPois   .            (no helmet)
rElec   .            (no cloak)
rCorr   .            (no gloves)
SInv    .            (no boots)
Will    .....        (no amulet)
Stlth   +++          m - ring of magical power
HPRegen 0.29/turn    v - ring of wizardry
MPRegen 0.19/turn

%: wizardry (x1)
@: sleeping
A: fangs 1, strong nose, distributed training
a: Renounce Religion, Draw Escape, Draw Destruction, Draw Summoning


You were on level 5 of the Dungeon.
You worshipped Nemelex Xobeh.
Nemelex Xobeh was noncommittal.
You visited 2 branches of the dungeon, and saw 6 of its levels.
You also visited: Sewer.

You collected 236 gold pieces.

Inventory:

Hand Weapons
 i - a +0 dagger (weapon)
 r - a +1 quarterstaff
 w - a +0 heavy long sword
Missiles
 j - 24 stones
 s - 3 boomerangs
 u - 6 datura-tipped darts
Armour
 a - a +0 robe (worn)
Magical Staves
 f - a staff of air
Jewellery
 m - a ring of magical power (left hand)
 v - a ring of wizardry (right hand)
Wands
 n - a wand of flame (8)
 t - a wand of polymorph (8)
Scrolls
 k - 3 scrolls of vulnerability
 p - a scroll of teleportation
 q - 2 scrolls of immolation
 z - a scroll of enchant armour
Potions
 b - a potion of magic
 c - 2 potions of attraction
 d - a potion of might
 e - a potion of heal wounds
 g - 4 potions of curing
 h - a potion of enlightenment {unknown}
 l - a potion of ambrosia {unknown}
 o - a potion of berserk rage {unknown}
 x - a potion of lignification {unknown}


   Skills:
 + Level 3.0 Fighting
 + Level 3.0 Short Blades
 + Level 3.0 Long Blades
 + Level 3.0 Axes
 + Level 3.0 Maces & Flails
 + Level 3.0 Polearms
 + Level 3.0 Staves
 + Level 3.0 Ranged Weapons
 + Level 3.0 Throwing
 + Level 3.0 Armour
 + Level 5.5 Dodging
 + Level 5.2 Stealth
 + Level 3.0 Shields
 + Level 3.0 Unarmed Combat
 + Level 5.9 Spellcasting
 + Level 3.3 Conjurations
 + Level 2.4 Hexes
 + Level 2.4 Summonings
 + Level 2.4 Necromancy
 + Level 2.4 Translocations
 + Level 2.4 Fire Magic
 + Level 2.4 Ice Magic
 + Level 2.4 Air Magic
 + Level 2.4 Earth Magic
 + Level 6.0 Alchemy
 + Level 3.3 Invocations
 + Level 3.0 Evocations
 + Level 2.7 Shapeshifting


You had one spell level left.
You knew the following spells:

 Your Spells              Type           Power      Damage    Failure   Level
a - Sting                 Conj/Alch      84%        1d8       1%          1
b - Mercury Vapours       Alch/Air       38%        N/A       1%          2
c - Stone Arrow           Conj/Erth      28%        3d8       4%          3
d - Olgreb's Toxic Radia  Alch           25%        N/A       4%          4
e - Sticky Flame          Fire/Alch      19%        2d6       9%          4
f - Mephitic Cloud        Conj/Alch/Air  18%        N/A       3%          3

Your spell library contained the following spells:

 Spells                   Type           Power      Damage    Failure   Level
 Sandblast                Erth           26%        2d8       1%          1
 Call Canine Familiar     Summ           13%        N/A       6%          3
 Passwall                 Erth           13%        N/A       6%          3
 Sigil of Binding         Hex            13%        N/A       6%          3
 Brom's Barrelling Bould  Conj/Erth      14%        2d4       16%         4
 Dimensional Bullseye     Hex/Tloc       6%         N/A       19%         4


Dungeon Overview and Level Annotations

Branches:
Dungeon (5/15)             Temple (1/1) D:5           Sewer (visited)

Altars:
Cheibriados
Dithmenos
Fedhas
Gozag
Kikubaaqudgha
Nemelex Xobeh
Okawaru
Ru
Vehumet
Wu Jian
Xom
Yredelemnul
Zin
The Shining One

Shops:
D:5 [


Innate Abilities, Weirdness & Mutations

You have very sharp teeth.
Your uncanny sense of smell can sniff out nearby items.
Your experience applies equally to all skills.


Message History

The sleepcap closely misses you.
You hit the sleepcap but do no damage.
The sleepcap is heavily damaged.
The sleepcap barely misses you.
Casting: Olgreb's Toxic Radiance (dangerous; 4% risk of failure)
Confirm with . or Enter, or press ? or * to list all spells.
Aiming: Sting (safe; 1% risk of failure)
Press: ? - help, Shift-Dir - straight line, f/p - sleepcap
Aim: a sleepcap (heavily damaged, 100% to hit)
The sting hits the sleepcap.
The sleepcap partially resists.
The sleepcap is poisoned.
The sleepcap is heavily damaged.
The sleepcap releases spores at you but does no damage.
Casting: Sting (safe; 1% risk of failure)
Confirm with . or Enter, or press ? or * to list all spells.
Aiming: Sting (safe; 1% risk of failure)
Press: ? - help, Shift-Dir - straight line, f/p - sleepcap
Aim: a sleepcap (severely damaged, poisoned, 100% to hit)
The sting hits the sleepcap.
The sleepcap partially resists.
The sleepcap looks even sicker.
The sleepcap is severely damaged.
The sleepcap releases spores at you.
* * * LOW HITPOINT WARNING * * *
You are engulfed in a cloud of soporific spores!
You are unaffected.
Casting: Sting (safe; 1% risk of failure)
Confirm with . or Enter, or press ? or * to list all spells.
Aiming: Sting (safe; 1% risk of failure)
Press: ? - help, Shift-Dir - straight line, f/p - sleepcap
Aim: a sleepcap (severely damaged, very poisoned, 100% to hit)
The sting hits the sleepcap but does no damage.
The sleepcap looks even sicker.
The sleepcap is severely damaged.
The sleepcap releases spores at you.
* * * LOW HITPOINT WARNING * * *
You are engulfed in a cloud of soporific spores!
You fall asleep.
The sleepcap releases spores at you!
You die...
Your body disappears without a glow.

.# ##.### ## #..#.#
#.##.### #......#
####......# ∆
...........#
###.<......# .
#.#[[....####....
..........@f.....^
≈≈≈≈≈≈.....####....
#####≈###### . #≈
#≈


You could see a sleepcap (very poisoned).

Vanquished Creatures
  Duvessa (D:5)
  A black bear (D:4)
  2 bullfrogs (Sewer)
  A gnoll sergeant (D:5)
  Dowan (D:5)
  A bombardier beetle (D:5)
  2 hounds
  An iguana (D:5)
  A sleepcap (D:4)
  Ijyb (D:3)
  4 gnolls (D:5)
  13 adders
  3 ribbon worms
  12 dart slugs
  7 orcs (D:3)
  8 endoplasms
  12 giant cockroaches
  4 goblins
  6 hobgoblins
  5 jackals
  6 kobolds
  3 quokkas
  15 ball pythons
  5 bats
  12 frilled lizards
  6 rats
133 creatures vanquished.

Vanquished Creatures (collateral kills)
  A giant cockroach (D:4)
  A hobgoblin (D:4)
2 creatures vanquished.

Grand Total: 135 creatures vanquished

Notes
Turn   | Place    | Note
-------+----------+-------------------------------------------
     0 | D:1      | night the Gnoll Alchemist began the quest for the Orb.
     0 | D:1      | Reached XP level 1. HP: 13/13 MP: 6/6
   154 | D:1      | Reached skill level 2 in Conjurations
   215 | D:1      | Reached XP level 2. HP: 19/19 MP: 5/7
   507 | D:1      | Learned a level 2 spell: Mercury Vapours
   594 | D:2      | Reached skill level 5 in Spellcasting
   594 | D:2      | Reached XP level 3. HP: 11/25 MP: 1/9
   856 | D:2      | Reached skill level 1 in Invocations
   981 | D:2      | Reached skill level 1 in Fighting
   981 | D:2      | Reached skill level 1 in Short Blades
   981 | D:2      | Reached skill level 1 in Long Blades
   981 | D:2      | Reached skill level 1 in Axes
   981 | D:2      | Reached skill level 1 in Maces & Flails
   981 | D:2      | Reached skill level 1 in Polearms
   981 | D:2      | Reached skill level 1 in Staves
   981 | D:2      | Reached skill level 1 in Ranged Weapons
   981 | D:2      | Reached skill level 1 in Throwing
   981 | D:2      | Reached skill level 1 in Armour
   981 | D:2      | Reached skill level 1 in Shields
   981 | D:2      | Reached skill level 1 in Unarmed Combat
   981 | D:2      | Reached skill level 1 in Evocations
  1281 | D:2      | Reached skill level 1 in Shapeshifting
  1281 | D:2      | Reached XP level 4. HP: 32/32 MP: 9/11
  1285 | D:2      | Learned a level 3 spell: Mephitic Cloud
  1290 | D:2      | Learned a level 4 spell: Olgreb's Toxic Radiance
  1603 | D:3      | Noticed Ijyb
  1731 | D:3      | HP: 2/32 [Ijyb/puff of flame (12)]
  1732 | D:3      | Killed Ijyb
  1733 | D:3      | Reached skill level 1 in Hexes
  1733 | D:3      | Reached skill level 1 in Summonings
  1733 | D:3      | Reached skill level 1 in Necromancy
  1733 | D:3      | Reached skill level 1 in Translocations
  1733 | D:3      | Reached skill level 1 in Fire Magic
  1733 | D:3      | Reached skill level 1 in Ice Magic
  1733 | D:3      | Reached skill level 1 in Air Magic
  1733 | D:3      | Reached skill level 1 in Earth Magic
  1856 | D:3      | Found a glowing drain.
  1866 | Sewer    | Entered a sewer
  2095 | Sewer    | Reached XP level 5. HP: 19/37 MP: 12/12
  2724 | Sewer    | Reached skill level 5 in Dodging
  2724 | Sewer    | Reached skill level 2 in Invocations
  2724 | Sewer    | Reached XP level 6. HP: 21/44 MP: 4/14
  2727 | Sewer    | Reached skill level 2 in Fighting
  2727 | Sewer    | Reached skill level 2 in Short Blades
  2727 | Sewer    | Reached skill level 2 in Long Blades
  2727 | Sewer    | Reached skill level 2 in Axes
  2727 | Sewer    | Reached skill level 2 in Maces & Flails
  2727 | Sewer    | Reached skill level 2 in Polearms
  2727 | Sewer    | Reached skill level 2 in Staves
  2727 | Sewer    | Reached skill level 2 in Ranged Weapons
  2727 | Sewer    | Reached skill level 2 in Throwing
  2727 | Sewer    | Reached skill level 2 in Armour
  2727 | Sewer    | Reached skill level 2 in Shields
  2727 | Sewer    | Reached skill level 2 in Unarmed Combat
  2727 | Sewer    | Reached skill level 2 in Evocations
  2834 | Sewer    | Learned a level 4 spell: Sticky Flame
  3432 | D:3      | Reached skill level 2 in Shapeshifting
  3637 | D:4      | Noticed a black bear
  3643 | D:4      | Killed a black bear
  3644 | D:4      | Reached XP level 7. HP: 51/51 MP: 14/15
  3817 | D:4      | Learned a level 3 spell: Stone Arrow
  3868 | D:4      | Reached skill level 2 in Hexes
  3868 | D:4      | Reached skill level 2 in Summonings
  3868 | D:4      | Reached skill level 2 in Necromancy
  3868 | D:4      | Reached skill level 2 in Translocations
  3868 | D:4      | Reached skill level 2 in Fire Magic
  3868 | D:4      | Reached skill level 2 in Ice Magic
  3868 | D:4      | Reached skill level 2 in Air Magic
  3868 | D:4      | Reached skill level 2 in Earth Magic
  4044 | D:4      | Found a glowing golden altar of the Shining One.
  4712 | D:5      | Entered Level 5 of the Dungeon
  4735 | D:5      | Noticed Dowan
  4740 | D:5      | Reached skill level 5 in Stealth
  4742 | D:5      | Noticed Duvessa
  4744 | D:5      | Killed Dowan
  4753 | D:5      | Killed Duvessa
  4754 | D:5      | Reached skill level 6 in Alchemy
  4760 | D:5      | Reached XP level 8. HP: 15/58 MP: 13/16
  5014 | D:5      | Found a staircase to the Ecumenical Temple.
  5030 | Temple   | Entered the Ecumenical Temple
  5044 | Temple   | Became a worshipper of Nemelex Xobeh the Trickster
  5076 | D:5      | Found Cuolim's Armour Shop.
  5121 | D:5      | Found an opulent altar of Gozag.
  5206 | D:5      | Slain by a sleepcap

Illustrated notes

Levels and vault maps discovered:
D:1:      minmay_arrival_open_corners, layout_rooms, minmay_cut_off
D:2:      layout_basic, hangedman_decor_diamond_cutter
D:3:      layout_basic, cheibrodos_sewer_entry_drain, serial_glass,
          glass_columns_a, glass_columns_c, uniq_ijyb
D:4:      kennysheep_spiral_hall, layout_basic, tso_metal_star,
          minmay_misc_feat_encased
D:5:      layout_rooms, nzn_overflow_gifts_of_might_and_magic,
          lemuel_round_altar, nicolae_overflow_two_pavilions,
          minmay_temple_entry_offerings, serial_shops,
          nicolae_shop_gibbet_a_chance
Temple:   nicolae_temple_slightly_damp_pantheon

Skill      XL: |  1  2  3  4  5  6  7 |
---------------+----------------------+-----
Conjurations   | 2 3 |  3.3
Spellcasting   | 5 |  5.9
Invocations    | 1 2 3 |  3.3
Fighting       | 1 2 3 |  3.0
Short Blades   | 1 2 3 |  3.0
Long Blades    | 1 2 3 |  3.0
Axes           | 1 2 3 |  3.0
Maces & Flails | 1 2 3 |  3.0
Polearms       | 1 2 3 |  3.0
Staves         | 1 2 3 |  3.0
Ranged Weapons | 1 2 3 |  3.0
Throwing       | 1 2 3 |  3.0
Armour         | 1 2 3 |  3.0
Shields        | 1 2 3 |  3.0
Unarmed Combat | 1 2 3 |  3.0
Evocations     | 1 2 3 |  3.0
Shapeshifting  | 1 2 |  2.7
Hexes          | 1 2 |  2.4
Summonings     | 1 2 |  2.4
Necromancy     | 1 2 |  2.4
Translocations | 1 2 |  2.4
Fire Magic     | 1 2 |  2.4
Ice Magic      | 1 2 |  2.4
Air Magic      | 1 2 |  2.4
Earth Magic    | 1 2 |  2.4
Dodging        | 5 |  5.5
Stealth        | 5 |  5.2
Alchemy        | 6 |  6.0

Action                     |  1- 3 |  4- 6 |  7- 9 || total
---------------------------+-------+-------+-------++-------
  Melee: Unarmed           |     8 |       |       ||     8
         Dagger            |    15 |    59 |    11 ||    85
         Bite              |     3 |     3 |     4 ||    10
         Quarterstaff      |       |    25 |    19 ||    44
   Cast: Sting             |    47 |    39 |    18 ||   104
         Mercury Vapours   |     6 |     5 |     6 ||    17
         Olgreb's Toxic Ra |       |    22 |     6 ||    28
         Mephitic Cloud    |       |     1 |     1 ||     2
         Stone Arrow       |       |       |     9 ||     9
    Use: Scroll            |       |     3 |     9 ||    12
         Potion            |       |     1 |     1 ||     2
   Stab: Sleeping          |       |     6 |       ||     6
 Armour: Robe              |    19 |    62 |    28 ||   109
  Dodge: Dodged            |    22 |    84 |    24 ||   130
